 Dungeon Crawl Stone Soup version 0.31-a0-1005-gfbdfbacc72 (webtiles) character file.

Game seed: 10058018632619803303

31 axlr the Magician (level 3, 0/32 HPs)
             Began as a Troll Hedge Wizard on Nov 10, 2023.
             Slain by a quokka (2 damage)
             ... on level 2 of the Dungeon.
             The game lasted 00:04:05 (1707 turns).

axlr the Magician (Troll Hedge Wizard)              Turns: 1707, Time: 00:04:06

Health: 0/32       AC:  4    Str: 26    XL:     3   Next: 7%
Magic:  5/5        EV:  9    Int: 10    God:
Gold:   96         SH:  0    Dex:  9    Spells: 5/6 levels left

rFire   . . .        a - +0 dagger
rCold   . . .        (no shield)
rNeg    . . .        b - +0 robe
rPois   .            c - +0 hat
rElec   .            (no cloak)
rCorr   .            (gloves unavailable)
SInv    .            (boots unavailable)
Will    .....        (no amulet)
Stlth   +            j - +6 ring of strength
HPRegen 1.05/turn    (no ring)
MPRegen 0.09/turn

%: no passive effects
@: no status effects
A: large, unfitting armour, claws 3, regeneration 1, shaggy fur 1, tough skin 1
a: no special abilities


You were on level 2 of the Dungeon.
You visited 1 branch of the dungeon, and saw 2 of its levels.

You collected 96 gold pieces.

Inventory:

Hand Weapons
 a - a +0 dagger (weapon)
 g - a +0 dagger
 n - a +0 dagger
 o - a +0 short sword
 q - a +0 whip
 r - a +0 dagger
 t - a +0 short sword
 v - a +0 sling
 w - a +0 spear
 x - a +0 whip
 y - a +0 dagger
Missiles
 e - 35 stones
Armour
 b - a +0 robe (worn)
 c - a +0 hat (worn)
 f - a +0 leather armour
 m - a +0 robe
 s - a +0 robe
 u - a +0 robe
Jewellery
 j - a +6 ring of strength (left claw)
Scrolls
 h - 2 scrolls of identify {unknown}
 k - a scroll of revelation {unknown}
 p - a scroll of silence {unknown}
Potions
 d - 2 potions of magic
 i - 3 potions of ambrosia {unknown}
 l - 2 potions of mutation {unknown}


   Skills:
 + Level 0.3 Fighting
 + Level 1.0 Short Blades
 + Level 1.9 Dodging
 + Level 1.0 Stealth
 + Level 2.2 Spellcasting
 + Level 0.6 Conjurations
 + Level 0.6 Summonings
 + Level 0.6 Translocations


You had 5 spell levels left.
You knew the following spells:

 Your Spells              Type           Power      Damage    Failure   Level
a - Magic Dart            Conj           8%         1d3       24%         1

Your spell library contained the following spells:

 Spells                   Type           Power      Damage    Failure   Level
 Slow                     Hex            4%         N/A       30%         1
 Blink                    Tloc           4%         N/A       34%         2
 Call Imp                 Summ           4%         N/A       34%         2
 Cigotuvi's Dreadful Rot  Necr/Pois/Air  2%         N/A       43%         2
 Mephitic Cloud           Conj/Pois/Air  1%         N/A       63%         3


Dungeon Overview and Level Annotations

Branches:
Dungeon (2/15)

Altars:


Innate Abilities, Weirdness & Mutations

You are too large for most types of armour.
You have claws for hands.
Your natural rate of healing is unusually fast.
You are covered in fur. (AC +1)
You have tough skin. (AC +1)


Message History

The adder bites you but does no damage.
You hit the quokka.
The quokka is heavily wounded.
You feel sick.
You are no longer poisoned.
The quokka bites you but does no damage.
The adder bites you but does no damage.
There are no items here.
You hit the quokka.
The quokka is severely wounded.
The quokka bites you. The adder bites you.
You are poisoned.
The adder poisons you!
There are no items here.
You hit the quokka but do no damage.
The quokka is severely wounded.
You feel sick. The quokka barely misses you. The adder barely misses you.
You feel sick. The quokka bites you.
* * * LOW HITPOINT WARNING * * *
The adder bites you but does no damage. x2; The quokka bites you.
* * * LOW HITPOINT WARNING * * *
You feel sick. The adder bites you but does no damage.
You feel sick. The adder misses you. The quokka bites you.
* * * LOW HITPOINT WARNING * * *
You miss the adder.
The adder is lightly wounded.
You feel sick. The adder bites you but does no damage.
The quokka bites you but does no damage.
You closely miss the adder.
The adder is lightly wounded.
You feel sick. The adder closely misses you.
The quokka bites you but does no damage.
The adder bites you.
* * * LOW HITPOINT WARNING * * *
You barely miss the adder.
The adder is lightly wounded.
You feel sick.
You are no longer poisoned.
The quokka bites you.
You die...

..## ...##
#####..##########
#...............#
#...............#
#...............#
#.......?.......##
#.......Sr.......##
#.......@.........# ####
#...............#........
#.............#.####### #
#.............#.#.....# #
#.............#.#.#.#.# #
#.............#...#.# ..#
#.............#####.#####
##############...#.#...#
#...##.#.#.#.#.#


You could see an adder and a quokka.

Vanquished Creatures
  A dart slug (D:1)
  3 bats
  4 endoplasms
  A giant cockroach (D:1)
  4 goblins
  3 hobgoblins
  2 quokkas (D:1)
  2 ball pythons (D:1)
  2 frilled lizards
  3 kobolds (D:2)
  3 rats (D:1)
28 creatures vanquished.

Notes
Turn   | Place    | Note
-------+----------+-------------------------------------------
     0 | D:1      | axlr the Troll Hedge Wizard began the quest for the Orb.
     0 | D:1      | Reached XP level 1. HP: 16/16 MP: 2/2
   480 | D:1      | Reached XP level 2. HP: 24/24 MP: 4/4
  1566 | D:2      | Reached XP level 3. HP: 30/32 MP: 5/5
  1666 | D:2      | Reached skill level 1 in Short Blades
  1707 | D:2      | Slain by a quokka

Illustrated notes

Levels and vault maps discovered:
D:1:      dpeg_arrival_snail, layout_basic
D:2:      layout_basic, basic_altar, serial_shops, nicolae_shop_gibbet_a_chance,
          minmay_misc_feat_ornament, minmay_pentomino_s2

Skill      XL: |  1  2  3 |
---------------+----------+-----
Short Blades   | 1 |  1.0
Fighting       | |  0.3
Dodging        | |  1.9
Stealth        | |  1.0
Spellcasting   | |  2.2
Conjurations   | |  0.6
Summonings     | |  0.6
Translocations | |  0.6

Action                     || total
---------------------------++-------
  Melee: Dagger            ||   231
         Punch             ||     2
 Armour: Robe              ||   205
  Dodge: Dodged            ||   120

Table legend: (Time is in decaauts)
 A = Elapsed time spent in this place.
 B = Non-inter-level travel time spent in this place.
 C = Inter-level travel time spent in this place.
 D = Time resting spent in this place.
 E = Time spent auto-exploring this place.
 F = Levels seen in this place.
 G = Mean time per level.
                   A        B        C        D        E       F      G
               +--------+--------+--------+--------+--------+-----+--------+
         Total |   1702 |   1702 |      0 |      0 |    818 |   2 |  851.0 |
       Dungeon |   1702 |   1702 |      0 |      0 |    818 |   2 |  851.0 |
               +--------+--------+--------+--------+--------+-----+--------+

Top non-repeatable levels by time:
     D:1: 1380 daAuts
     D:2: 322 daAuts
